 Dungeon Crawl Stone Soup version 0.25-a0-251-g572059c536 (webtiles) character file.

Game seed: 11409575526662680523, levelgen mode: classic

410 Borgoz the Covered (level 6, -7/40 HPs)
             Began as a Gargoyle Fighter on Dec 4, 2019.
             Mangled by an orc warrior
             ... wielding a +0 mace
              (10 damage)
             ... on level 4 of the Dungeon.
             The game lasted 00:05:00 (2681 turns).

Borgoz the Covered (Gargoyle Fighter)               Turns: 2681, Time: 00:05:00

Health: -7/40      AC: 15    Str: 27    XL:     6   Next: 89%
Magic:  7/7        EV:  8    Int:  8    God:
Gold:   207        SH: 10    Dex:  9    Spells: 5/5 levels left

rFire    . . .     SeeInvis .   a - +0 long sword
rCold    . . .     Gourm    .   c - +0 shield
rNeg     + . .     Faith    .   b - +0 scale mail
rPois    ∞         Spirit   .   e - +0 helmet
rElec    +         Reflect  .   (no cloak)
rCorr    +         Harm     .   l - +0 pair of gloves
MR       .....                  p - +0 pair of boots
Stlth    ..........             t - amulet of rage
HPRegen  0.13/turn              o - ring of resist corrosion
MPRegen  0.10/turn              (no ring)

@: mighty, flying
A: negative energy resistance 1, electricity resistance, unbreathing,
petrification resistance, rot immunity, AC +4
a: Evoke Berserk Rage


You were on level 4 of the Dungeon.
You were not hungry.

You visited 1 branch of the dungeon, and saw 4 of its levels.

You collected 207 gold pieces.

Inventory:

Hand Weapons
 a - a +0 long sword (weapon)
Armour
 b - a +0 scale mail (worn)
 c - a +0 shield (worn)
 e - a +0 helmet (worn)
 l - a +0 pair of gloves (worn)
 p - a +0 pair of boots (worn)
Jewellery
 o - a ring of resist corrosion (left hand)
 t - an amulet of rage (around neck)
 v - an uncursed ring of flight
Scrolls
 n - 2 scrolls of magic mapping
 u - 2 scrolls of remove curse
Potions
 g - a potion of magic
 h - 2 potions of heal wounds {unknown}
 j - 2 potions of mutation {unknown}
 k - a potion of brilliance {unknown}
 m - a potion of degeneration {unknown}
 q - a potion of flight
 r - a potion of cancellation {unknown}
 w - 2 potions of curing {unknown}
Comestibles
 f - 7 rations


   Skills:
 + Level 4.8 Fighting
 + Level 3.3 Long Blades
 + Level 4.9 Armour
 + Level 4.8 Shields
 + Level 1.5 Evocations


You had 5 spell levels left.
You didn't know any spells.
Your spell library contained the following spells:

 Spells                   Type           Power        Failure   Level  Hunger
 Animate Skeleton         Necr           N/A          98%         1    ##.....
 Apportation              Tloc           #.....       98%         1    ##.....
 Confusing Touch          Hex            #.....       98%         1    ##.....
 Summon Small Mammal      Summ           #...         98%         1    ##.....


Dungeon Overview and Level Annotations

Branches:
Dungeon (4/15)             Temple (0/1) D:4

Altars:


Innate Abilities, Weirdness & Mutations

You are resistant to torment.
Your stone body is resilient. (AC +4)
You are immune to poison.
You resist negative energy. (rN+)
You are resistant to electric shocks. (rElec)
You can survive without breathing.
You are immune to petrification.
You are immune to rotting.


Message History

You hit the orc warrior.
The orc warrior is moderately wounded.
The orc warrior hits you with a +0 mace.
The orc priest calls upon Beogh to heal the orc.
The orc's wounds heal themselves!
The orc warrior hits you with a +0 mace.
You are too injured to fight recklessly!
You are too injured to fight recklessly!
You are too injured to fight recklessly!
You feel very mighty all of a sudden.
The orc priest invokes the aid of Beogh against you.
Beogh smites you!
* * * LOW HITPOINT WARNING * * *
It was a potion of magic.
Magic courses through your body. You block the orc warrior's attack.
It was a potion of flight.
You feel very buoyant.
You fly up into the air.
The orc warrior hits you with a +0 mace!
You die...

,*,*,**,,,,,,,*#......##########.
,*,,,,,,**,*,,*#.####.# #.
,,,**,>,,,,*,,**,* ##.# #.
**,,,,,,**,,..#*,* #..# ##+
,,,*,**,,,,*#....###..# ##..
**,*,,,,**,,,,,#......## ##...
,,,,,,*,,,,,*,*#####.#.## ##....
**,**,*,,##.#.######....####.....
,,,,,,,,,....ooo@..........'.....
,,,***,,,.#..o######....####.....
,,** *,*,*##,,* ###.## ##.... ,**
*,***,,,,* #.# ##... ** *,*
*,**,* #.# ##.. * *,***,**,* #.#
#####' *,,,,,,,,* #.# #.....
*****,**** #.# #.###.
**********,* #.# #.....


You could see an orc warrior, an orc priest and 2 orcs.

Vanquished Creatures
  An ice beast (D:3)
  A howler monkey (D:3)
  A hound (D:4)
  A centaur skeleton (D:4)
  2 orc wizards (D:4)
  6 adders
  An ooze (D:3)
  4 worms
  3 dart slugs
  2 leopard geckos (D:3)
  6 orcs
  2 giant cockroaches (D:3)
  7 goblins
  9 hobgoblins
  7 jackals
  11 kobolds
  3 quokkas (D:3)
  11 bats
  5 frilled lizards
  8 rats
91 creatures vanquished.

Vanquished Creatures (others)
  A rat (D:3)
1 creature vanquished.

Grand Total: 92 creatures vanquished

Notes
Turn   | Place    | Note
-------+----------+-------------------------------------------
     0 | D:1      | Borgoz the Gargoyle Fighter began the quest for the Orb.
     0 | D:1      | Reached XP level 1. HP: 14/14 MP: 1/1
   105 | D:1      | Reached XP level 2. HP: 19/19 MP: 2/2
   440 | D:1      | Reached XP level 3. HP: 23/23 MP: 3/3
   850 | D:2      | Reached XP level 4. HP: 29/29 MP: 4/4
  1370 | D:3      | Reached XP level 5. HP: 30/33 MP: 5/5
  1841 | D:3      | Noticed an ice beast
  1865 | D:3      | Killed an ice beast
  1865 | D:3      | Reached skill level 1 in Evocations
  1865 | D:3      | Reached XP level 6. HP: 31/39 MP: 6/6
  2668 | D:4      | Noticed an orc warrior
  2681 | D:4      | Mangled by an orc warrior

Levels and vault maps discovered:
D:1:      lightli_arrival_quake, layout_basic, minmay_misc_feat_tower
D:2:      layout_basic, feat_on_display
D:3:      minmay_chambers_of_threes, layout_loops_ring
D:4:      layout_loops_corners, minmay_temple_entry_ruins, serial_shops,
          nicolae_shop_window_shopping, serial_glass, glass_columns_a,
          glass_columns_b, led_sif_book, uniq_crazy_yiuf_cottage

Skill      XL: |  1  2  3  4  5 |
---------------+----------------+-----
Long Blades    | 2 3 |  3.3
Armour         | 4 |  4.9
Fighting       | 4 |  4.8
Shields        | 4 |  4.8
Evocations     | 1 |  1.5

Action                   |  1- 3 |  4- 6 || total
-------------------------+-------+-------++-------
Melee: Long sword        |   127 |   301 ||   428
  Use: Scroll            |     3 |     4 ||     7
       Potion            |       |     3 ||     3
  Eat: Chunk             |       |     7 ||     7
Armor: Scale mail        |    82 |   198 ||   280
Dodge: Dodged            |    51 |    93 ||   144
Block: Shield            |    70 |   190 ||   260
       Rpst.: Long sword |    22 |    26 ||    48

Table legend:
 A = Non-vault XP
 B = Vault XP
 C = Vault XP percentage of total XP
 D = Non-vault monster count
 E = Vault monster count
 F = Vault count percentage of total count
                 A         B        C        D         E       F
            +---------+---------+-------+---------+---------+-------
      Total |     369 |     217 |  37.0 |      79 |      12 |  13.2
            +---------+---------+-------+---------+---------+-------
        D:1 |      40 |       0 |   0.0 |      24 |       0 |   0.0
        D:2 |      92 |       0 |   0.0 |      23 |       0 |   0.0
        D:3 |      67 |     217 |  76.4 |      24 |      12 |  33.3
        D:4 |     170 |       0 |   0.0 |       8 |       0 |   0.0
            +---------+---------+-------+---------+---------+-------
